AoeStats
← JawolopingChris

Arena

510021539Analyzed
4v4 RM · 5d ago on Sep 29, 2026· 58m 9s· 8 players
Game mode
Random Map
Map size
Large (8 player)
Population
200
Speed
Normal
Resources
Standard
Victory
Conquest
Starting age
Dark Age
Ending age
Imperial Age
RankedLock teamsTeams togetherTeam positionsShared explorationLock speedFull tech treeHidden civsTurbo modeCheats
Victory
Defeat
🇯🇵 Bohemians · Japan
1569
+15
🇮🇳 Britons · India
1547
+16
🇨🇳 Teutons · China
1507
+17
🇺🇸 Mongols · United States
1502
+18
🇨🇦 Burgundians · Canada
1650
-22
🇺🇸 Gurjaras · United States
1585
-18
🇺🇸 Vietnamese · United States
1487
-14
🇺🇸 Huns · United States
1436
-12
我是你巴巴
10:08 Feudal Age
14:05 Castle Age
12:31 Horse Collar
12:55 Double-Bit Axe
17:22 Bow Saw
21:41 Wheelbarrow
21:26 Heavy Plow
21:45 Gold Mining
22:37 Stone Mining
23:59 Hand Cart
28:04 Imperial Age
26:01 Loom
26:25 Scale Barding Armor
26:30 Forging
26:26 Town Watch
27:18 Bloodlines
27:53 Chain Barding Armor
28:47 Iron Casting
29:36 Crop Rotation
30:10 Two-Man Saw
28:34 Cavalier
30:56 Paladin
32:32 Plate Barding Armor
35:06 Blast Furnace
35:42 Hoardings
35:28 Conscription
35:44 Scale Mail Armor
39:16 Ballistics
40:00 Chemistry
38:55 Fletching
39:05 Padded Archer Armor
39:00 Elite Skirmisher
39:45 Bodkin Arrow
40:45 Leather Archer Armor
40:52 Ballistics
41:19 Town Patrol
43:50 Ring Archer Armor
45:24 Crenellations
49:40 Caravan
war-f
10:29 Feudal Age
14:08 Castle Age
12:27 Double-Bit Axe
12:46 Horse Collar
14:34 Loom
23:49 Fletching
30:23 Imperial Age
29:37 Chemistry
28:47 Town Watch
30:36 Wheelbarrow
30:39 Bow Saw
31:37 Bodkin Arrow
33:24 Ballistics
33:15 Masonry
33:38 Bracer
33:36 Murder Holes
36:52 Padded Archer Armor
37:03 Forging
38:05 Leather Archer Armor
41:02 Architecture
41:54 Heavy Plow
42:55 Two-Man Saw
42:39 Houfnice
43:09 Houfnice
44:57 Siege Engineers
48:00 Ring Archer Armor
49:12 Scale Mail Armor
49:48 Iron Casting
48:38 Heavy Scorpion
51:23 Capped Ram
52:59 Onager
54:49 Pikeman
55:29 Squires
55:46 Chain Mail Armor
56:32 Blast Furnace
56:10 Coinage
57:31 Light Cavalry
58:11 Husbandry
[VL] Rio_BlancoVER
10:46 Feudal Age
12:05 Loom
15:12 Castle Age
19:55 Fletching
22:13 Padded Archer Armor
23:15 Padded Archer Armor
23:53 Bloodlines
24:47 Bodkin Arrow
26:33 Double-Bit Axe
27:22 Town Watch
29:44 Ballistics
29:40 Leather Archer Armor
30:10 Bow Saw
31:10 Stone Mining
31:03 Horse Collar
33:31 Wheelbarrow
37:12 Imperial Age
35:09 Hand Cart
35:29 Scale Barding Armor
35:35 Forging
37:05 Chain Barding Armor
37:03 Masonry
37:04 Fortified Wall
37:08 Masonry
37:09 Clinker Construction
37:39 Husbandry
38:14 Conscription
38:05 Heavy Camel Rider
38:59 Gold Mining
39:12 Heavy Plow
40:18 Iron Casting
45:02 Blast Furnace
46:07 Pikeman
46:48 Squires
46:49 Scale Mail Armor
46:50 Bracer
47:55 Gold Shaft Mining
49:36 Chain Mail Armor
49:08 Arson
49:11 Light Cavalry
50:08 Capped Ram
50:18 Hussar
51:20 Siege Ram
56:44 Plate Mail Armor
57:24 Drill
57:42 Hoardings
56:38 Sappers
Dark_Shelly
11:09 Feudal Age
14:55 Castle Age
12:44 Double-Bit Axe
14:28 Horse Collar
21:54 Forging
21:23 Light Cavalry
27:19 Stone Mining
27:19 Gold Mining
28:05 Wheelbarrow
27:34 Heavy Plow
29:35 Gold Shaft Mining
32:40 Imperial Age
31:59 Bow Saw
32:48 Ballistics
32:39 Masonry
32:10 Treadmill Crane
32:38 Fletching
32:48 Padded Archer Armor
34:49 Chemistry
33:46 Bodkin Arrow
33:39 Elite Longbowman
35:46 Conscription
36:03 Bracer
36:19 Leather Archer Armor
37:51 Iron Casting
37:16 Scale Mail Armor
38:13 Guilds
38:10 Siege Engineers
39:05 Pikeman
39:46 Squires
39:31 Arson
39:57 Halberdier
40:54 Chain Mail Armor
41:40 Blast Furnace
41:06 Murder Holes
41:42 Architecture
41:48 Ring Archer Armor
41:55 Yeomen
42:37 Plate Mail Armor
43:08 Blast Furnace
46:00 Hoardings
50:55 Warwolf
51:52 Coinage
51:58 Town Watch
52:29 Hand Cart
51:59 Loom
53:24 Two-Man Saw
54:32 Blast Furnace
54:51 Banking
randy pan
4:11 Double-Bit Axe
6:16 Horse Collar
10:44 Feudal Age
14:55 Castle Age
13:20 Bow Saw
16:50 Two-Man Saw
15:58 Loom
24:20 Town Watch
28:20 Wheelbarrow
31:15 Imperial Age
30:17 Hand Cart
29:55 Gold Mining
29:30 Pikeman
30:10 Squires
31:19 Halberdier
33:01 Chemistry
32:18 Heavy Plow
32:45 Scale Mail Armor
32:55 Forging
35:48 Caravan
37:56 Padded Archer Armor
38:31 Town Patrol
38:39 Fletching
39:05 Chain Mail Armor
40:13 Leather Archer Armor
39:54 Bodkin Arrow
39:56 Crossbowman
40:24 Elite Skirmisher
43:49 Bracer
44:19 Plate Mail Armor
44:25 Iron Casting
45:08 Crossbowman
48:31 Ballistics
48:22 Masonry
48:42 Imperial Skirmisher
50:25 Blast Furnace
51:02 Conscription
50:51 Burgundian Vineyards
Phoenix Oath
10:20 Feudal Age
9:16 Loom
14:13 Castle Age
12:10 Double-Bit Axe
12:47 Stone Mining
13:54 Horse Collar
15:48 Fletching
18:27 Bodkin Arrow
21:40 Padded Archer Armor
22:16 Bow Saw
29:32 Imperial Age
27:22 Heavy Plow
27:30 Gold Mining
28:20 Leather Archer Armor
28:53 Ballistics
30:15 Bracer
31:24 Chemistry
32:43 Ring Archer Armor
34:35 Wheelbarrow
34:56 Hand Cart
35:03 Thumb Ring
36:59 Two-Man Saw
40:17 Masonry
41:59 Siege Engineers
41:30 Elite Rattan Archer
46:48 Crop Rotation
48:14 Hoardings
48:02 Paper Money
48:10 Scale Barding Armor
48:17 Forging
48:42 Elite Skirmisher
49:43 Chatras
50:12 Chatras
50:35 Chain Barding Armor
51:34 Bloodlines
51:24 Husbandry
51:59 Plate Barding Armor
53:02 Iron Casting
53:34 Elite Battle Elephant
Drachken
7:07 Loom
10:41 Feudal Age
14:53 Castle Age
13:03 Double-Bit Axe
13:28 Horse Collar
16:42 Heavy Plow
21:57 Bow Saw
24:16 Scale Barding Armor
25:34 Gold Mining
26:26 Chain Barding Armor
28:33 Bloodlines
27:46 Light Cavalry
28:26 Husbandry
28:39 Forging
34:33 Imperial Age
32:39 Wheelbarrow
31:49 Town Watch
33:29 Iron Casting
32:44 Fletching
35:19 Gold Shaft Mining
34:36 Stone Mining
35:14 Ballistics
35:00 Bodkin Arrow
34:37 Cavalier
35:44 Hussar
35:47 Paladin
37:11 Plate Barding Armor
36:21 Hussar
38:22 Blast Furnace
38:19 Conscription
38:03 Marauders
50:05 Elite Skirmisher
50:51 Thumb Ring
50:49 Padded Archer Armor
50:49 Bracer
52:13 Imperial Skirmisher
54:12 Leather Archer Armor
JawolopingChris
6:54 Loom
9:03 Feudal Age
12:53 Castle Age
11:33 Double-Bit Axe
18:13 Ballistics
30:30 Scale Barding Armor
31:41 Wheelbarrow
31:50 Bloodlines
31:40 Husbandry
32:47 Chain Barding Armor
35:43 Forging
35:37 Horse Collar
40:44 Imperial Age
39:24 Iron Casting
39:41 Husbandry
41:24 Bow Saw
41:05 Siege Elephant
42:18 Heavy Camel Rider
45:20 Plate Barding Armor
45:39 Fletching
45:43 Crossbowman
46:47 Bodkin Arrow
47:01 Thumb Ring
47:06 Elite Skirmisher
47:50 Padded Archer Armor
48:42 Bracer
49:42 Leather Archer Armor
49:39 Imperial Skirmisher
53:47 Chemistry
Connection lost

Rejoining the realm…

Still unreachable

The connection could not be restored.

Session expired

The server has moved on; the page needs a fresh start.